Map: Old Republic LE

Players

ndn - Winner!

  • Race: Protoss Protoss
  • League: Diamond
  • Spawn Location: 1:00

AMCHOLDER

  • Race: Zerg Zerg
  • League: Diamond
  • Spawn Location: 7:00

VOD

Have the link to the VOD?

Description

Time

  • Played on: Dec. 27, 2025, 6:56 a.m.
  • Length: 14:35
Show
View Real Time Build Order
Export as new Build Order

ndn Protoss - Winner!

Build Orders: 1 Gate Expand, Oracle Opening, Carriers 

Get SALT Encoding   

  12  0:00  Probe  
  13  0:12  Probe  
  14  0:20  Pylon  
  14  0:24  Probe  
  15  0:34  Probe  
  15  0:39  Gateway  
  15  0:42  Probe  
  16  0:48  Assimilator  
  17  0:52  Probe  
  18  1:04  Probe  
  19  1:18  Probe  
  20  1:24  Nexus  
  20  1:34  Cybernetics Core  
  20  1:36  Probe  
  21  1:43  Assimilator  
  21  1:49  Probe  
  21  1:52  Pylon  
  22  2:01  Probe  
  23  2:09  Stalker  
  23  2:13  Probe  
  26  2:25  Probe  
  26  2:27  Stargate  
  27  2:32  Probe  
  27  2:33  Probe, Shield Battery  
  28  2:40  Probe  
  28  2:41  Probe, Warp Gate  
  29  2:50  Probe  
  31  2:53  Forge  
  31  2:56  Probe  
  33  3:02  Probe  
  33  3:03  Oracle  
  34  3:08  Probe  
  35  3:14  Probe  
  39  3:20  Pylon  
  39  3:21  Probe, Adept  
  39  3:27  Probe  
  43  3:33  Probe  
  44  3:39  Probe, Void Ray  
  44  3:45  Probe  
  49  4:01  Probe  
  49  4:02  Probe  
  51  4:05  Nexus  
  51  4:08  Pylon  
  51  4:13  Probe  
  52  4:19  Probe  
  52  4:22  Assimilator  
  53  4:24  Assimilator  
  53  4:26  Pylon  
  53  4:29  Probe  
  54  4:36  Fleet Beacon  
  54  4:40  Stargate  
  54  4:41  Probe  
  54  4:42  Probe  
  56  4:49  Shield Battery  
  56  4:51  Photon Cannon  
  56  4:54  Probe x2  
  58  5:00  Twilight Council  
  58  5:06  Probe x2, Pylon  
  60  5:18  Probe x2  
  62  5:23  Probe  
  62  5:25  Tempest  
  62  5:26  Tempest  
  71  5:30  Probe x2  
  73  5:35  Pylon, Probe  
  73  5:42  Probe  
  75  5:43  Probe  
  76  5:50  Templar Archives  
  76  5:55  Pylon  
  76  5:57  Charge  
  76  5:58  Probe x3  
  76  5:59  Gateway  
  76  6:00  Gateway x2  
  79  6:09  Pylon  
  79  6:10  Probe x2  
  81  6:15  Assimilator  
  81  6:16  Assimilator  
  81  6:19  Probe  
  81  6:22  Probe  
  81  6:25  Tempest  
  87  6:31  Probe x2  
  89  6:43  Zealot  
  89  6:46  Psionic Storm  
  91  6:48  Tempest  
  91  6:52  Nexus  
  91  6:54  Pylon  
  95  7:02  Zealot x2  
  95  7:03  Zealot  
  101  7:17  Pylon, Void Ray  
  101  7:18  Shield Battery  
  99  7:25  Probe  
  99  7:26  Probe x2  
  102  7:30  Photon Cannon  
  102  7:32  Photon Cannon  
  102  7:34  Photon Cannon  
  102  7:35  Cybernetics Core  
  102  7:37  Photon Cannon x2  
  102  7:39  Photon Cannon  
  102  7:41  Photon Cannon  
  102  7:42  Photon Cannon  
  102  7:43  Protoss Ground Weapons Level 1  
  102  7:44  Pylon, Cybernetics Core  
  102  7:47  Pylon  
  102  7:48  High Templar x2  
  102  7:49  High Templar x2  
  110  7:54  Tempest  
  118  8:06  Probe x4  
  118  8:08  Void Ray  
  122  8:18  Assimilator, Probe  
  123  8:22  Assimilator  
  123  8:24  Gateway  
  123  8:27  Shield Battery  
  123  8:29  Photon Cannon  
  123  8:41  Pylon, Protoss Air Weapons Level 1  
  123  8:48  Void Ray  
  127  8:51  Probe x4  
  131  8:56  High Templar  
  131  8:57  High Templar  
  131  8:58  High Templar x2  
  131  9:00  Protoss Air Armor Level 1  
  131  9:01  Archon  
  131  9:02  Archon  
  139  9:03  Probe x2  
  139  9:06  Robotics Facility  
  139  9:08  Gateway  
  141  9:11  Gateway  
  141  9:14  Photon Cannon  
  141  9:16  Photon Cannon, Gateway  
  141  9:18  Shield Battery, Gateway  
  141  9:19  Carrier  
  141  9:20  Carrier, Gateway  
  153  9:36  Stargate  
  153  9:50  Pylon  
  153  9:52  Zealot  
  153  9:53  Pylon, Zealot x4  
  153  9:55  Observer  
  147  10:14  Zealot  
  147  10:15  Probe, Zealot x3  
  147  10:16  Zealot x5  
  147  10:17  Zealot  
  147  10:19  Probe x3  
  166  10:24  Probe  
  165  10:31  Carrier, Forge, Probe x3  
  170  10:46  Observer  
  163  10:51  High Templar x4  
  163  10:53  Mothership  
  163  10:55  Zealot x3  
  163  10:56  Zealot x2  
  181  11:07  Carrier  
  187  11:21  Warp Prism  
  183  11:29  Zealot x2  
  187  11:35  Archon x3  
  187  11:36  Nexus  
  183  11:44  High Templar x2  
  183  11:45  High Templar x2  
  169  11:48  Protoss Air Weapons Level 2, Zealot x4  
  177  12:02  Forge  
  177  12:12  Zealot x2  
  177  12:14  Protoss Air Armor Level 2  
  181  12:17  Carrier  
  181  12:20  Pylon  
  181  12:22  Pylon  
  187  12:38  Carrier  
  187  12:44  Nexus  
  193  12:45  Pylon  
  185  13:04  High Templar x2  
  185  13:05  High Templar x2  
  172  13:16  Zealot x2  
  172  13:17  Zealot x4  
  180  13:24  Shield Battery  
  180  13:25  Photon Cannon  
  180  13:27  Photon Cannon  
  180  13:29  Photon Cannon  
  180  13:30  Photon Cannon  
  190  13:55  Zealot x5  
  190  14:24  Assimilator  
  193  14:27  Assimilator  
Show
View Real Time Build Order
Export as new Build Order

AMCHOLDER Zerg 

Build Orders: Hatch First 

Get SALT Encoding   

  12  0:00  Drone  
  13  0:10  Drone  
  14  0:14  Extractor  
  14  0:15  Drone  
  15  0:22  Overlord  
  15  0:42  Hatchery  
  14  0:46  Drone  
  15  0:50  Drone  
  15  0:54  Drone  
  17  0:58  Drone  
  18  1:08  Extractor  
  17  1:12  Spawning Pool  
  17  1:15  Drone  
  17  1:22  Drone  
  18  1:32  Drone  
  19  1:41  Drone  
  20  1:53  Drone  
  21  2:00  Zergling x2, Queen  
  21  2:01  Queen  
  26  2:02  Zergling x2  
  26  2:07  Overlord  
  27  2:13  Drone  
  28  2:15  Metabolic Boost  
  28  2:35  Hatchery  
  28  2:36  Drone x3  
  30  2:41  Drone x2  
  32  2:49  Overlord  
  32  2:51  Overlord  
  32  2:56  Drone  
  33  3:00  Drone  
  34  3:06  Drone  
  34  3:07  Queen  
  37  3:13  Queen  
  37  3:17  Drone  
  37  3:18  Drone  
  41  3:23  Baneling Nest  
  41  3:27  Drone x2  
  41  3:32  Zergling x6  
  45  3:46  Drone x5  
  50  3:48  Queen  
  50  3:55  Drone x2  
  53  4:00  Drone  
  53  4:01  Drone  
  56  4:12  Spore Crawler  
  56  4:14  Spore Crawler  
  54  4:17  Drone  
  54  4:18  Drone x3  
  54  4:21  Spore Crawler  
  57  4:27  Overlord x2  
  57  4:28  Overlord x3  
  57  4:46  Hatchery  
  57  4:47  Drone x8  
  64  4:59  Lair  
  64  5:02  Roach Warren  
  64  5:04  Drone  
  64  5:05  Drone x2  
  66  5:08  Drone  
  66  5:13  Overlord x3  
  66  5:14  Overlord  
  67  5:16  Queen  
  69  5:24  Extractor  
  69  5:26  Drone x3  
  71  5:28  Drone  
  71  5:29  Drone  
  71  5:30  Drone x3  
  71  5:31  Drone x2  
  71  5:35  Extractor  
  77  5:39  Zergling x6  
  80  5:47  Evolution Chamber x2  
  78  5:57  Spore Crawler  
  78  6:03  Roach x2  
  78  6:04  Roach, Zergling x18  
  84  6:09  Queen  
  94  6:17  Zergling x6  
  94  6:18  Zergling x14  
  104  6:23  Zerg Ground Armor Level 1, Zerg Melee Weapons Level 1  
  104  6:34  Drone  
  104  6:35  Drone  
  104  6:36  Drone  
  104  6:38  Drone  
  104  6:39  Drone x4  
  115  6:40  Drone x3  
  115  6:42  Overlord  
  115  6:45  Glial Reconstitution  
  115  6:47  Centrifugal Hooks  
  115  6:54  Extractor  
  115  6:58  Extractor  
  115  6:59  Extractor  
  102  7:08  Roach  
  102  7:09  Roach x6  
  108  7:19  Drone x3  
  108  7:20  Drone x3  
  108  7:21  Drone x3  
  112  7:23  Hydralisk Den  
  112  7:24  Drone x8  
  109  7:32  Drone  
  109  7:33  Drone  
  109  7:34  Extractor  
  109  7:37  Extractor  
  109  7:38  Roach  
  109  7:39  Roach  
  109  7:42  Overseer  
  113  7:50  Zergling x4  
  115  7:51  Zergling x2  
  115  7:52  Overlord x4  
  115  7:54  Grooved Spines  
  116  7:59  Drone x3  
  116  8:00  Hatchery, Drone x3  
  116  8:01  Drone  
  116  8:02  Drone x2  
  124  8:05  Hydralisk  
  124  8:06  Hydralisk  
  128  8:24  Zerg Melee Weapons Level 2, Zerg Ground Armor Level 2  
  127  8:28  Hydralisk  
  127  8:29  Hydralisk x3  
  127  8:30  Zergling x28  
  127  8:31  Zergling x4  
  151  8:42  Overlord x4  
  151  8:44  Muscular Augments  
  151  8:48  Infestation Pit  
  150  8:52  Extractor  
  149  8:57  Extractor  
  149  9:01  Zergling x10  
  149  9:02  Zergling x4  
  155  9:03  Hydralisk  
  155  9:04  Hydralisk  
  159  9:10  Overlord x2  
  159  9:11  Overlord x3  
  159  9:12  Hydralisk x10  
  179  9:28  Hive  
  179  9:29  Hydralisk x5  
  179  9:30  Hydralisk x2  
  193  9:35  Baneling x10  
  193  9:36  Hatchery  
  193  9:37  Zergling x4  
  193  9:38  Zergling x4  
  196  9:49  Baneling  
  196  9:50  Baneling x12  
  196  9:51  Baneling  
  190  10:13  Zergling x30  
  185  10:29  Zergling x14  
  185  10:30  Zergling x16  
  197  10:36  Queen  
  190  10:43  Zerg Melee Weapons Level 3, Zerg Ground Armor Level 3  
  190  10:46  Zergling x20  
  190  10:49  Adrenal Glands  
  195  10:51  Spire  
  195  10:54  Baneling x8  
  195  10:56  Zergling x8  
  191  11:24  Hydralisk x6  
  200  11:26  Queen  
  168  11:47  Zergling x2  
  168  11:48  Zergling x24  
  168  11:49  Zergling x8  
  168  11:51  Baneling  
  168  11:52  Baneling x5  
  185  11:59  Ultralisk Cavern, Corruptor x8  
  197  12:25  Baneling x2  
  197  12:26  Baneling x5  
  197  12:39  Zerg Flyer Armor Level 1  
  197  12:42  Baneling  
  197  12:43  Baneling x9  
  154  13:04  Corruptor x14  
  148  13:07  Zergling x14  
  145  13:21  Zergling x2  
  145  13:22  Zergling x20  
  125  13:45  Corruptor  
  125  13:46  Corruptor x4  
  125  13:55  Corruptor x2  
Tags
 
Add a new tag
Caveats
  • Supply blocks, unpowered buildings, or Contaminate may cause inaccurate times.
  • Supply counts are checked every 10 seconds.